 Dungeon Crawl Stone Soup version 0.29.0-7-g18a832c13a (webtiles) character file.

Game seed: 10847626196508595014

45 lonewolfV2 the Trooper (level 3, -2/30 HPs)
             Began as a Demonspawn Berserker on Aug 31, 2022.
             Was a Follower of Trog.
             Slain by an orc priest
             ... wielding a +0 short sword
              (4 damage)
             ... on level 3 of the Dungeon.
             The game lasted 00:03:16 (1702 turns).

lonewolfV2 the Trooper (Demonspawn Berserker)       Turns: 1702, Time: 00:03:17

Health: -2/30      AC:  2    Str: 19    XL:     3   Next: 42%
Magic:  3/3        EV: 12    Int:  8    God:    Trog [*.....]
Gold:   5          SH:  0    Dex: 12    Spells: 2/2 levels left

rFire   . . .      SeeInvis .   a - +1 hand axe (vorpal)
rCold   . . .      Faith    .   (no shield)
rNeg    . . .      Spirit   .   b - +0 animal skin
rPois   .          Reflect  .   (no helmet)
rElec   .          Harm     .   (no cloak)
rCorr   .          Rampage  .   (no gloves)
Will    .....                   (no boots)
Stlth   ..........              (no amulet)
HPRegen 0.10/turn               (no ring)
MPRegen 0.16/turn               (no ring)

@: lethally poisoned (-2 -> -4), silenced
A: magic regeneration
a: Renounce Religion


You were on level 3 of the Dungeon.
You worshipped Trog.
Trog was aware of your devotion.
You visited 1 branch of the dungeon, and saw 3 of its levels.

You collected 5 gold pieces.

Inventory:

Hand Weapons
 a - a +1 vorpal hand axe (weapon)
Armour
 b - a +0 animal skin (worn)
Scrolls
 e - a scroll of teleportation
Potions
 c - 2 potions of brilliance {unknown}
 d - a potion of degeneration {unknown}
 f - 2 potions of heal wounds {unknown}
 g - a potion of flight {unknown}
 h - a potion of mutation {unknown}


   Skills:
 + Level 3.8 Fighting
 + Level 3.2 Axes
 + Level 2.0 Armour
 + Level 1.9 Dodging


You had 2 spell levels left.
You didn't know any spells.
Your spell library was empty.

Dungeon Overview and Level Annotations

Branches:
Dungeon (3/15)

Altars:

Shops:
D:1 (   D:2 *


Innate Abilities, Weirdness & Mutations

You regenerate magic rapidly.


Message History

The orc shouts!
An orc priest comes into view. It is wielding a +0 short sword.
An orc comes into view. It is wielding a +0 short sword.
The orc shouts!
You hear an angry hiss.
The kobold throws a poisoned dart.
The poisoned dart hits you!
You are poisoned.
You feel very sick.
You feel sick. The orc closely misses you.
A black bear comes into view.
The kobold hits you with a +0 dagger.
The black bear growls angrily.
You hit the orc.
The orc is moderately wounded.
You completely miss the kobold. You hit the orc.
You feel sick.
A ball python comes into view.
The orc hits you with a +1 hand axe of electrocution.
The kobold hits you with a +0 dagger.
You slash the orc priest!
The orc priest is severely wounded.
You hit the kobold.
You kill the kobold!
Trog accepts your kill.
You barely miss the orc. You hit the orc but do no damage.
You feel sick. The orc hits you with a +0 mace. The orc closely misses you.
Okay, then.
Unknown command.
As you read the scroll labelled QOMNIYTRATO, it crumbles to dust.
A profound silence engulfs you.
It was a scroll of silence.
You feel sick. The orc hits you with a +0 mace.
The orc hits you but does no damage.
Magic scrolls do not work when you're silenced!
There are monsters nearby!
You hit the orc but do no damage. You barely miss the orc priest.
You hit the orc.
You kill the orc!
Trog accepts your kill.
You hit the orc.
You feel sick.
The orc hits you with a +1 hand axe of electrocution!
* * * LOW HITPOINT WARNING * * *
The orc priest hits you with a +0 short sword.
You die...

#....##.#
#....##.#
##....##.#
#<.....#.##
##........#
#........#
####.....#
#.......#
#.#..)@.#
#.#.#ooo# #
#.#.S.#
#.#...#
#.#.h.#
#......
##... ....≈


You could see a black bear, an orc priest, 2 orcs and a ball python.

Vanquished Creatures
  An adder (D:2)
  3 worms (D:2)
  A dart slug (D:1)
  An orc (D:3)
  4 bats (D:1)
  3 endoplasms
  3 hobgoblins
  3 kobolds
  A quokka (D:2)
  5 ball pythons
  3 rats (D:1)
28 creatures vanquished.

Notes
Turn   | Place    | Note
-------+----------+-------------------------------------------
     0 | D:1      | lonewolfV2 the Demonspawn Berserker began the quest for the
                  | Orb.
     0 | D:1      | Reached XP level 1. HP: 18/18 MP: 1/1
   440 | D:1      | Gained mutation: You regenerate magic rapidly. [demonic
                  | ancestry]
   440 | D:1      | Reached XP level 2. HP: 24/24 MP: 2/2
   561 | D:1      | Found Rikka Foleeng's Antique Weapon Shop.
  1050 | D:2      | Reached XP level 3. HP: 24/29 MP: 3/3
  1270 | D:2      | Reached ** piety under Trog
  1585 | D:2      | Found Xayxkaub's General Store.
  1698 | D:3      | Noticed a black bear
  1702 | D:3      | Slain by an orc priest

Illustrated notes

Levels and vault maps discovered:
D:1:      minmay_arrival_diagonal_passages, layout_rooms, serial_shops,
          nicolae_shop_stone, minivault_25, minmay_misc_feat_ornament
D:2:      layout_rooms, serial_shops, nicolae_shop_statue_plus
D:3:      layout_basic, lemuel_crystal_altar,
          mainiacjoe_overflow_small_starburst, serial_shops, shop

Skill      XL: |  1  2 |
---------------+-------+-----
Armour         | 2 |  2.0
Axes           | 3 |  3.2
Fighting       | |  3.8
Dodging        | |  1.9

Action                   || total
-------------------------++-------
Melee: Hand axe          ||    74
       Punch             ||     1
  Use: Scroll            ||     5
Armor: Animal skin       ||    24
Dodge: Dodged            ||    70
